 Dungeon Crawl Stone Soup version 0.29.0-4-gdea44cf6ec (webtiles) character file.

Game seed: 511355530879660352

6135 qw the Severer (level 10, -3/91 HPs)
             Began as a Minotaur Berserker on Sept 10, 2022.
             Was an Elder of Trog.
             Killed from afar by a raiju (7 damage)
             ... with a living lightning
             ... on level 1 of the Abyss.
             The game lasted 00:02:51 (9607 turns).

qw the Severer (Minotaur Berserker)                 Turns: 9607, Time: 00:02:52

Health: -3/91      AC: 13    Str: 26    XL:     10   Next: 59%
Magic:  9/9        EV:  7    Int:  4    God:    Trog [****..]
Gold:   489        SH:  5    Dex: 10    Spells: 9/9 levels left

rFire   . . .      SeeInvis .   Y - +2 war axe (flame)
rCold   + . .      Faith    .   j - +0 buckler
rNeg    + . .      Spirit   .   h - +0 plate armour
rPois   .          Reflect  .   (helmet restricted)
rElec   .          Harm     .   (no cloak)
rCorr   .          Rampage  .   (no gloves)
Will    .....                   (no boots)
Stlth   ..........              (no amulet)
HPRegen 0.25/turn               f - ring of positive energy
MPRegen 0.11/turn               c - ring of protection from cold

@: on berserk cooldown
A: horns 2, retaliatory headbutt, mutation resistance 1, MP-powered wands
a: Renounce Religion, Berserk, Trog's Hand, Brothers in Arms


You were on level 1 of the Abyss.
You worshipped Trog.
Trog was greatly pleased with you.
You visited 1 branch of the dungeon, and saw 9 of its levels.
You visited the Abyss 1 time.

You collected 489 gold pieces.


Innate Abilities, Weirdness & Mutations

You have a pair of horns on your head.
You reflexively headbutt those who attack you in melee.
You are somewhat resistant to further mutation.
You expend magic power (3 MP) to strengthen your wands.


   Skills:
 - Level 9.1 Fighting
 - Level 15.0 Axes
 - Level 1.0 Throwing
 + Level 6.6 Armour
 - Level 3.1 Dodging
 - Level 5.6 Shields


You had 9 spell levels left.
You didn't know any spells.
Your spell library was empty.

Inventory:

Hand Weapons
 Y - a +2 war axe of flaming (weapon)
Missiles
 l - 5 boomerangs (quivered)
Armour
 h - a +0 plate armour (worn)
 j - a +0 buckler (worn)
 m - a +0 kite shield
Jewellery
 c - a ring of protection from cold (right hand)
 f - a ring of positive energy (left hand)
Wands
 b - a wand of digging (5)
Scrolls
 k - a scroll of identify
Potions
 a - 2 potions of curing
 d - a potion of mutation
 i - a potion of resistance {unknown}

Dungeon Overview and Level Annotations

Branches:
Dungeon (9/15)             Temple (0/1) D:4            Lair (0/5) D:9
    Orc (0/2) D:9

Altars:
Ashenzari
Zin

Shops:
D:2 (   D:6 (

Annotations:
D:4 2 transporters, qw's ghost, amateur MiBe
D:7 4 runed translucent doors, Crazy Yiuf; qw's ghost, novice MiFi
D:9 Psyche


Message History

9600 ||| DRINKING potion of heal wounds.
You feel much better. The raiju bites you but does no damage.
You miss the raiju.
The raiju is lightly wounded.
You closely miss the raiju.
The raiju is lightly wounded.
You block the raiju's attack.
You hit the raiju but do no damage. You headbutt the raiju!
The raiju is heavily wounded.
You hit the raiju. You burn the raiju.
The raiju bursts into living lightning!
The living lightning misses you.
The raiju blinks!
The raiju bursts into living lightning!
The living lightning misses you.
The raiju blinks!
The raiju bursts into living lightning!
The living lightning hits you!
The raiju blinks!
You slash the raiju! You burn the raiju.
The raiju is almost dead.
You miss the raiju.
The raiju bursts into living lightning!
The living lightning hits you!
The raiju blinks!
The raiju bites you. The raiju shocks you!
You barely miss the raiju. You headbutt the raiju.
You kill the raiju!
Trog accepts your kill.
You slash the raiju! You burn the raiju. The raiju closely misses you.
Your Fighting skill increases to level 9!
You slash the raiju! You burn the raiju! You headbutt the raiju.
The raiju is almost dead.
You closely miss the raiju. The raiju barely misses you.
You furiously retaliate!
You headbutt the raiju!
You kill the raiju!
Trog accepts your kill.
The raiju bursts into living lightning!
The living lightning hits you!
The raiju blinks!
The raiju bursts into living lightning!
The living lightning hits you!
You die...

..... #..##..
...... ..... #...
#..# #..######..
#..####%.........
#...ยค.@....h...
#..#...########.#
#..... #......
....... ##.....
...#... .......


You could see a raiju.

Vanquished Creatures
  Pikel (D:4)
  2 trolls
  3 raiju (Abyss:1)
  3 yaks (D:9)
  Eustachio (D:6)
  Menkaure (D:4)
  A water moccasin (D:7)
  A sky beast (D:6)
  Duvessa (D:5)
  7 orc warriors
  2 black bears
  3 ogres
  2 ice beasts
  2 centaurs (D:8)
  3 kobold brigands (D:9)
  2 lemures (D:4)
  A bullfrog (D:7)
  3 necrophages
  2 gnoll sergeants (D:9)
  2 scorpions (D:4)
  3 wights (D:8)
  Dowan (D:5)
  3 killer bees (D:8)
  4 howler monkeys
  5 hounds
  A gnoll bouda (D:6)
  7 orc priests
  A jelly (D:4)
  6 iguanas
  Ijyb (D:5)
  5 orc wizards (D:7)
  A mummy (D:6)
  8 adders
  11 gnolls
  A white imp (D:5)
  An ufetubus (D:5)
  2 worms
  The ghost of qw the Sneak, a weakling GrDe (D:5)
  3 dart slugs
  21 orcs
  14 ball pythons
  3 bats
  7 endoplasms
  6 giant cockroaches
  7 goblins
  7 hobgoblins
  5 quokkas
  5 frilled lizards
  4 kobolds
  4 rats
191 creatures vanquished.

Vanquished Creatures (others)
  3 fungi
  5 plants
8 creatures vanquished.

Grand Total: 199 creatures vanquished

Notes
Turn   | Place    | Note
-------+----------+-------------------------------------------
     0 | D:1      | qw the Minotaur Berserker began the quest for the Orb.
     0 | D:1      | Reached XP level 1. HP: 19/19 MP: 0/0
     0 | D:1      | 0 ||| qw: Version: 0.1-a-116-g5d60599
     0 | D:1      | 0 ||| qw: Game counter: 7633
     0 | D:1      | 0 ||| qw: Always use a shield: true
     0 | D:1      | 0 ||| qw: Do Orc after D:15 true
     0 | D:1      | 0 ||| qw: Do second Lair branch before Depths: true
     0 | D:1      | 0 ||| qw: Lair rune preference: random
     0 | D:1      | 0 ||| qw: Plans: Normal
     0 | D:1      | 0 ||| PLANNING D:1-11
    82 | D:1      | Reached skill level 4 in Axes
   278 | D:1      | Reached XP level 2. HP: 21/26 MP: 1/1
   413 | D:1      | 413 ||| INVOKING Berserk.
   723 | D:1      | 723 ||| Stepping ~*~*~tactically~*~*~ (stealth).
   728 | D:1      | Reached skill level 5 in Axes
   862 | D:1      | Reached XP level 3. HP: 31/31 MP: 2/2
   946 | D:1      | 946 ||| DROPPING +0 club.
  1443 | D:1      | 1443 ||| UPGRADING to +0 leather armour.
  1453 | D:1      | 1453 ||| DROPPING +0 animal skin.
  1454 | D:1      | 1454 ||| UPGRADING to +0 ring mail.
  1464 | D:1      | 1464 ||| DROPPING +0 leather armour.
  1465 | D:1      | 1465 ||| UPGRADING to +0 chain mail.
  1475 | D:1      | 1475 ||| DROPPING +0 ring mail.
  1476 | D:1      | 1476 ||| READING scroll labelled LUAMIJ BIERUEP.
  1477 | D:1      | 1477 ||| READING scroll labelled ITEZAR XOS XUO.
  1478 | D:1      | 1478 ||| READING 2 scrolls labelled HOATWI PESONG.
  1479 | D:1      | 1479 ||| READING scroll labelled FALLEA FU YTI.
  1484 | D:1      | 1484 ||| DRINKING 2 inky potions.
  1485 | D:1      | 1485 ||| DROPPING potion of magic.
  1541 | D:2      | Found Huemaopi's Antique Weapon Boutique.
  1552 | D:2      | Reached ** piety under Trog
  1558 | D:2      | 1558 ||| SHOPLISTING flail (105 gold, have 44).
  1585 | D:2      | 1585 ||| FLEEEEING.
  1586 | D:2      | 1586 ||| FLEEEEING.
  1588 | D:2      | 1588 ||| FLEEEEING.
  1589 | D:2      | 1589 ||| FLEEEEING.
  1590 | D:2      | 1590 ||| FLEEEEING.
  1591 | D:2      | 1591 ||| FLEEEEING.
  1592 | D:2      | 1592 ||| FLEEEEING.
  1593 | D:2      | 1593 ||| FLEEEEING.
  1597 | D:2      | 1597 ||| FLEEEEING.
  1598 | D:2      | 1598 ||| FLEEEEING.
  1599 | D:2      | 1599 ||| FLEEEEING.
  1600 | D:2      | 1600 ||| FLEEEEING.
  1601 | D:2      | 1601 ||| FLEEEEING.
  1602 | D:2      | 1602 ||| Stepping ~*~*~tactically~*~*~ (stealth).
  1603 | D:2      | 1603 ||| FLEEEEING.
  1865 | D:2      | 1865 ||| SWAPPING to +0 war axe of flaming.
  1866 | D:2      | 1866 ||| DROPPING +0 whip.
  1867 | D:2      | 1867 ||| DROPPING +1 hand axe.
  1907 | D:2      | Found a glowing silver altar of Zin.
  1915 | D:2      | 1915 ||| READING scroll of enchant weapon.
  1915 | D:2      | 1915 ||| ENCHANTING +0 war axe of flaming.
  2084 | D:2      | 2084 ||| INVOKING Berserk.
  2308 | D:2      | 2308 ||| READING scroll labelled JOALEDUZXINO.
  2309 | D:2      | 2309 ||| DRINKING 2 black potions.
  2353 | D:3      | Noticed a necrophage
  2361 | D:3      | Killed a necrophage
  2362 | D:3      | Reached skill level 6 in Axes
  2362 | D:3      | Reached XP level 4. HP: 35/39 MP: 3/3
  2511 | D:3      | Found a faded altar of an unknown god.
  2516 | D:3      | Reached XP level 5. HP: 45/45 MP: 4/4
  2652 | D:3      | Reached skill level 7 in Axes
  2937 | D:3      | You fall into a shaft and drop 3 floors!
  2938 | D:6      | 2938 ||| PLANNING OSSUARY
  2978 | D:6      | Noticed an ogre
  2983 | D:6      | 2983 ||| INVOKING Berserk.
  2985 | D:6      | Killed an ogre
  3117 | D:6      | Noticed an ogre
  3117 | D:6      | Noticed a black bear
  3119 | D:6      | 3119 ||| Stepping ~*~*~tactically~*~*~ (stealth).
  3120 | D:6      | 3120 ||| Stepping ~*~*~tactically~*~*~ (stealth).
  3122 | D:6      | 3122 ||| INVOKING Berserk.
  3125 | D:6      | Killed a black bear
  3126 | D:6      | Reached XP level 6. HP: 56/56 MP: 5/5
  3127 | D:6      | Reached skill level 8 in Axes
  3133 | D:6      | 3133 ||| Stepping ~*~*~tactically~*~*~ (stealth).
  3146 | D:6      | Reached XP level 7. HP: 22/61 MP: 6/6
  3172 | D:6      | 3172 ||| INVOKING Berserk.
  3174 | D:6      | Reached skill level 9 in Axes
  3182 | D:6      | Reached skill level 3 in Armour
  3212 | D:6      | 3212 ||| FLEEEEING.
  3213 | D:6      | 3213 ||| FLEEEEING.
  3214 | D:6      | 3214 ||| FLEEEEING.
  3215 | D:6      | 3215 ||| FLEEEEING.
  3216 | D:6      | 3216 ||| FLEEEEING.
  3217 | D:6      | 3217 ||| FLEEEEING.
  3218 | D:6      | 3218 ||| Stepping ~*~*~tactically~*~*~ (stealth).
  3219 | D:6      | 3219 ||| FLEEEEING.
  3220 | D:6      | 3220 ||| FLEEEEING.
  3225 | D:6      | 3225 ||| INVOKING Berserk.
  3350 | D:6      | Noticed Eustachio
  3351 | D:6      | 3351 ||| Stepping ~*~*~tactically~*~*~ (stealth).
  3363 | D:6      | 3363 ||| INVOKING Berserk.
  3366 | D:6      | Killed Eustachio
  3367 | D:6      | Reached skill level 10 in Axes
  3499 | D:6      | Reached skill level 1 in Throwing
  3535 | D:6      | 3535 ||| RIP OSSUARY
  3550 | D:6      | 3550 ||| PLANNING D:1-11
  3550 | D:6      | 3550 ||| UPGRADING to ring of positive energy.
  3551 | D:6      | 3551 ||| READING 2 scrolls labelled OPACHA RAPHATY.
  3552 | D:6      | 3552 ||| READING scroll labelled MITODU IGURPHUNIT.
  3653 | D:6      | 3653 ||| DRINKING 3 bubbling white potions.
  3654 | D:6      | 3654 ||| READING 2 scrolls of identify.
  3654 | D:6      | 3654 ||| IDENTIFYING lumpy pink potion
  3655 | D:6      | 3655 ||| DROPPING potion of brilliance.
  3656 | D:6      | 3656 ||| DROPPING scroll of magic mapping.
  3657 | D:6      | 3657 ||| DROPPING 2 potions of degeneration.
  3669 | D:5      | Entered Level 5 of the Dungeon
  3672 | D:5      | 3672 ||| Stepping ~*~*~tactically~*~*~ (stealth).
  3673 | D:5      | 3673 ||| Stepping ~*~*~tactically~*~*~ (stealth).
  3674 | D:5      | 3674 ||| Stepping ~*~*~tactically~*~*~ (stealth).
  3675 | D:5      | 3675 ||| Stepping ~*~*~tactically~*~*~ (stealth).
  3700 | D:5      | 3700 ||| INVOKING Berserk.
  3703 | D:5      | Reached skill level 6 in Fighting
  3703 | D:5      | Reached XP level 8. HP: 70/70 MP: 7/7
  3749 | D:5      | 3749 ||| Stepping ~*~*~tactically~*~*~ (stealth).
  3750 | D:5      | 3750 ||| Stepping ~*~*~tactically~*~*~ (stealth).
  3752 | D:5      | 3752 ||| Stepping ~*~*~tactically~*~*~ (stealth).
  3775 | D:5      | Noticed Duvessa
  3776 | D:5      | 3776 ||| Stepping ~*~*~tactically~*~*~ (hiding).
  3780 | D:5      | 3780 ||| INVOKING Berserk.
  3781 | D:5      | Killed Duvessa
  3784 | D:5      | Noticed Dowan
  3791 | D:5      | 3791 ||| Stepping ~*~*~tactically~*~*~ (hiding).
  3793 | D:5      | 3793 ||| Stepping ~*~*~tactically~*~*~ (hiding).
  3794 | D:5      | 3794 ||| Stepping ~*~*~tactically~*~*~ (hiding).
  3797 | D:5      | Killed Dowan
  3897 | D:5      | 3897 ||| Stepping ~*~*~tactically~*~*~ (stealth).
  3905 | D:5      | Reached skill level 11 in Axes
  4075 | D:5      | 4075 ||| Stepping ~*~*~tactically~*~*~ (hiding).
  4080 | D:5      | 4080 ||| INVOKING Berserk.
  4090 | D:5      | Noticed Ijyb
  4098 | D:5      | HP: 14/70 [orc/+0 morningstar[an orc] (8)]
  4099 | D:5      | 4099 ||| DRINKING potion of heal wounds.
  4102 | D:5      | Killed Ijyb
  4259 | D:5      | 4259 ||| READING 2 scrolls of identify.
  4259 | D:5      | 4259 ||| IDENTIFYING murky white potion
  4260 | D:5      | 4260 ||| DROPPING potion of invisibility.
  4266 | D:4      | 4266 ||| READING scroll labelled ZAFRES DEGAU.
  4270 | D:4      | 4270 ||| Stepping ~*~*~tactically~*~*~ (stealth).
  4271 | D:4      | 4271 ||| Stepping ~*~*~tactically~*~*~ (stealth).
  4271 | D:4      | Noticed Pikel
  4272 | D:4      | 4272 ||| Stepping ~*~*~tactically~*~*~ (stealth).
  4273 | D:4      | 4273 ||| Stepping ~*~*~tactically~*~*~ (stealth).
  4278 | D:4      | 4278 ||| INVOKING Berserk.
  4287 | D:4      | Killed Pikel
  4288 | D:4      | Reached skill level 12 in Axes
  4291 | D:4      | Reached *** piety under Trog
  4766 | D:4      | Found a staircase to the Ecumenical Temple.
  4779 | D:4      | 4779 ||| Stepping ~*~*~tactically~*~*~ (stealth).
  4809 | D:4      | Found a transporter.
  4812 | D:4      | Found a transporter.
  4812 | D:4      | Noticed qw's ghost (amateur MiBe)
  4812 | D:4      | Noticed Menkaure
  4814 | D:4      | 4814 ||| INVOKING Berserk.
  4815 | D:4      | Killed Menkaure
  4816 | D:4      | Reached XP level 9. HP: 78/78 MP: 8/8
  4972 | D:4      | 4972 ||| Stepping ~*~*~tactically~*~*~ (hiding).
  4987 | D:4      | 4987 ||| FLEEEEING.
  4988 | D:4      | 4988 ||| FLEEEEING.
  4989 | D:4      | 4989 ||| FLEEEEING.
  4990 | D:4      | 4990 ||| FLEEEEING.
  4991 | D:4      | 4991 ||| FLEEEEING.
  4992 | D:4      | 4992 ||| FLEEEEING.
  4993 | D:4      | 4993 ||| FLEEEEING.
  5034 | D:4      | 5034 ||| INVOKING Berserk.
  5205 | D:4      | Reached skill level 13 in Axes
  5614 | D:4      | 5614 ||| READING scroll labelled GEYGRI NIAFUGE.
  5615 | D:4      | 5615 ||| DRINKING 2 glowing green potions.
  5616 | D:4      | 5616 ||| DROPPING potion of flight.
  5845 | D:5      | 5845 ||| Stepping ~*~*~tactically~*~*~ (stealth).
  5846 | D:5      | 5846 ||| Stepping ~*~*~tactically~*~*~ (stealth).
  6028 | D:5      | Found a runed translucent door.
  6029 | D:5      | Noticed a troll
  6029 | D:5      | Noticed qw's ghost (weakling GrDe)
  6123 | D:5      | 6123 ||| READING scroll labelled RUPTYW NAEVEO.
  6124 | D:5      | 6124 ||| DRINKING 2 pink potions.
  6125 | D:5      | 6125 ||| DROPPING potion of attraction.
  6126 | D:5      | 6126 ||| Stepping randomly (stuck).
  6127 | D:5      | 6127 ||| INVOKING Berserk.
  6130 | D:5      | Killed a troll
  6133 | D:5      | Killed qw's ghost
  6477 | D:6      | Found Ziysk's Antique Weapon Shop.
  6615 | D:6      | 6615 ||| UPGRADING to ring of protection from cold.
  6717 | D:7      | 6717 ||| INVOKING Berserk.
  6734 | D:7      | Reached skill level 14 in Axes
  6785 | D:7      | 6785 ||| INVOKING Berserk.
  6995 | D:7      | Found a runed translucent gate.
  6996 | D:7      | Found a runed translucent gate.
  6996 | D:7      | Noticed a kobold demonologist
  6997 | D:7      | Found a runed translucent gate.
  7000 | D:7      | Noticed qw's ghost (novice MiFi)
  7068 | D:7      | 7068 ||| Stepping ~*~*~tactically~*~*~ (hiding).
  7135 | D:7      | Found a runed translucent door.
  7136 | D:7      | Noticed Crazy Yiuf
  7215 | D:7      | 7215 ||| Stepping ~*~*~tactically~*~*~ (hiding).
  7217 | D:7      | 7217 ||| INVOKING Berserk.
  7235 | D:7      | Reached skill level 3 in Dodging
  7449 | D:7      | 7449 ||| INVOKING Berserk.
  7647 | D:7      | 7647 ||| UPGRADING to +0 plate armour.
  7657 | D:7      | 7657 ||| DROPPING +0 chain mail.
  7658 | D:7      | 7658 ||| READING 3 scrolls of identify.
  7658 | D:7      | 7658 ||| IDENTIFYING ruby potion
  7659 | D:7      | 7659 ||| READING 2 scrolls of identify.
  7659 | D:7      | 7659 ||| IDENTIFYING fizzy coppery potion
  7660 | D:7      | 7660 ||| DROPPING potion of ambrosia.
  7903 | D:8      | 7903 ||| Stepping ~*~*~tactically~*~*~ (hiding).
  7908 | D:8      | Reached skill level 6 in Armour
  8131 | D:8      | Reached XP level 10. HP: 88/88 MP: 9/9
  8153 | D:8      | 8153 ||| Stepping ~*~*~tactically~*~*~ (stealth).
  8156 | D:8      | 8156 ||| Stepping ~*~*~tactically~*~*~ (stealth).
  8168 | D:8      | 8168 ||| Stepping ~*~*~tactically~*~*~ (stealth).
  8170 | D:8      | 8170 ||| Stepping ~*~*~tactically~*~*~ (hiding).
  8688 | D:8      | Found a broken altar of Ashenzari.
  8707 | D:8      | 8707 ||| UPGRADING to +0 buckler.
  8712 | D:8      | 8712 ||| DRINKING 2 smoky red potions.
  8712 | D:8      | Gained mutation: You are somewhat resistant to further
                  | mutation. [potion of mutation]
  8712 | D:8      | Gained mutation: You expend magic power (3 MP) to
                  | strengthen your wands. [potion of mutation]
  8742 | D:9      | Found a staircase to the Lair.
  8803 | D:9      | Found a staircase to the Orcish Mines.
  8807 | D:9      | 8807 ||| INVOKING Berserk.
  8811 | D:9      | Reached skill level 1 in Shields
  8815 | D:9      | Reached skill level 3 in Shields
  8823 | D:9      | Reached **** piety under Trog
  8828 | D:9      | HP: 26/132 [troll (10)]
  8835 | D:9      | HP: 10/132 [gnoll/+0 halberd (7)]
  9250 | D:9      | 9250 ||| Stepping ~*~*~tactically~*~*~ (stealth).
  9261 | D:9      | Reached skill level 15 in Axes
  9263 | D:9      | 9263 ||| INVOKING Berserk.
  9511 | D:9      | 9511 ||| READING scroll of enchant weapon.
  9511 | D:9      | 9511 ||| ENCHANTING +1 war axe of flaming.
  9521 | D:9      | Identified the +1 robe "Jarojac" {Will+ Str+4 Int-3 Dex+3}
  9563 | D:9      | Noticed Psyche
  9579 | Abyss:1  | Cast into level 1 of the Abyss (Psyche)
  9590 | Abyss:1  | 9590 ||| Stepping ~*~*~tactically~*~*~ (stealth).
  9591 | Abyss:1  | 9591 ||| DRINKING potion of cancellation.
  9599 | Abyss:1  | HP: 21/90 [raiju/living lightning (10)]
  9600 | Abyss:1  | 9600 ||| DRINKING potion of heal wounds.
  9604 | Abyss:1  | HP: 21/90 [raiju (4)]
  9606 | Abyss:1  | Reached skill level 9 in Fighting
  9606 | Abyss:1  | HP: 4/91 [raiju/living lightning (8)]
  9607 | Abyss:1  | Killed from afar by a raiju

Levels and vault maps discovered:
D:1:      sevenhm_arrival_forest_fort_large_4, layout_loops_cross
D:2:      layout_basic, basic_altar, serial_shops, nicolae_shop_trees,
          minmay_pentomino_s4
D:3:      layout_loops_corners, ebering_ecumenical_altar_webs
D:4:      layout_cave_pools, minmay_temple_entry_statues_fountains,
          gammafunk_ghost_mausoleum, patterned_corridor, uniq_pikel,
          uniq_menkaure
D:5:      layout_loops_cross, ebering_ghost_inner_flame, uniq_ijyb, uniq_duvessa
D:6:      nicolae_cairo_tiling_large_dashed, layout_loops_ring,
          gup_ossuary_entry_pyramid, serial_shops, nicolae_stop_n_shop_2,
          uniq_eustachio
D:7:      layout_rooms, gammafunk_ghost_nasty_kobolds, uniq_crazy_yiuf_cottage
D:8:      layout_loops_ring, kennysheep_mini
D:9:      layout_long_grid, dpeg_oklobed_lair,
          kennysheep_orc_monster_closet_entryway, enter_bailey_7, uniq_joseph,
          uniq_maurice, uniq_psyche
Abyss:1:  base:
D:7

Skill      XL: |  1  2  3  4  5  6  7  8  9 10 |
---------------+-------------------------------+-----
Axes           | 4 5 6 7 8 10 12 14 15 | 15.0
Fighting       | 5 6 8 9 |  9.1
Armour         | 3 4 6 |  6.6
Throwing       | 1 |  1.0
Dodging        | 3 |  3.1
Shields        | 5 |  5.6

Action                   |  1- 3 |  4- 6 |  7- 9 | 10-12 || total
-------------------------+-------+-------+-------+-------++-------
Melee: Hand axe          |    76 |       |       |       ||    76
       Headbutt          |     5 |     4 |    27 |    12 ||    48
       Punch             |     2 |       |     1 |       ||     3
       War axe           |    15 |    36 |   206 |    69 ||   326
       Unarmed           |       |       |       |     3 ||     3
Throw: Boomerang         |       |     4 |    52 |    13 ||    69
Invok: Berserk           |     2 |     2 |    14 |     2 ||    20
  Use: Scroll            |     6 |       |     9 |     1 ||    16
       Potion            |     2 |       |     4 |     3 ||     9
 Stab: Sleeping          |     1 |       |       |       ||     1
Armor: Animal skin       |    11 |       |       |       ||    11
       Chain mail        |    11 |    20 |    64 |       ||    95
       Plate armour      |       |       |    25 |    35 ||    60
       Skin              |       |       |       |     5 ||     5
Dodge: Dodged            |    47 |    17 |    79 |    30 ||   173
Block: Buckler           |       |       |       |    11 ||    11

Table legend:
 A = Non-vault XP
 B = Vault XP
 C = Vault XP percentage of total XP
 D = Non-vault monster count
 E = Vault monster count
 F = Vault count percentage of total count
                 A         B        C        D         E       F
            +---------+---------+-------+---------+---------+-------
      Total |    5614 |    3151 |  35.9 |     156 |      33 |  17.5
            +---------+---------+-------+---------+---------+-------
        D:1 |      48 |       0 |   0.0 |      27 |       0 |   0.0
        D:2 |      39 |       5 |  11.4 |      14 |       4 |  22.2
        D:3 |     123 |       0 |   0.0 |      12 |       0 |   0.0
        D:4 |     512 |     856 |  62.6 |      24 |       2 |   7.7
        D:5 |     684 |     569 |  45.4 |      21 |       5 |  19.2
        D:6 |     915 |     209 |  18.6 |      19 |       2 |   9.5
        D:7 |     888 |       0 |   0.0 |      18 |       0 |   0.0
        D:8 |     963 |       0 |   0.0 |      15 |       0 |   0.0
        D:9 |     603 |    1512 |  71.5 |       3 |      20 |  87.0
    Abyss:1 |     839 |       0 |   0.0 |       3 |       0 |   0.0
            +---------+---------+-------+---------+---------+-------
